 Dungeon Crawl Stone Soup version 0.22.1-1-ga44c0e5 (webtiles) character file.

84 Gadfly the Skirmisher (level 4, 28/35 HPs)
             Began as a Demonspawn Monk on Oct 12, 2018.
             Quit the game on level 2 of the Dungeon.
             The game lasted 00:03:51 (1733 turns).

Gadfly the Skirmisher (Demonspawn Monk)             Turns: 1733, Time: 00:03:52

Health: 28/35      AC:  7    Str: 12    XL:     4   Next: 24%
Magic:  4/4        EV: 13    Int: 11    God:
Gold:   95         SH:  0    Dex: 16    Spells: 3/3 levels left

rFire    . . .     SeeInvis .   a - +1 hand axe
rCold    . . .     Gourm    .   (no shield)
rNeg     . . .     Faith    .   b - +0 robe
rPois    .         Spirit   .   (no helmet)
rElec    .         Reflect  .   d - +2 cloak
rCorr    .         Harm     +   (no gloves)
MR       .....                  (no boots)
Stlth    +++.......             l - amulet of harm
HPRegen  0.11/turn              (no ring)
MPRegen  0.09/turn              (no ring)

@: very slightly contaminated, drained
A: claws 1, slimy green scales 1, nightstalker 1
a: no special abilities


You were on level 2 of the Dungeon.
You were not hungry.

You visited 1 branch of the dungeon, and saw 2 of its levels.

You collected 95 gold pieces.

Inventory:

Hand Weapons
 a - a +1 hand axe (weapon)
Armour
 b - a +0 robe (worn)
 d - a +2 cloak (worn)
Jewellery
 l - an amulet of harm (around neck)
Scrolls
 f - 3 scrolls of identify
Potions
 g - a potion of flight
 h - 2 potions of curing
Comestibles
 c - 4 rations
 k - 2 chunks of flesh


   Skills:
 + Level 3.5 Fighting
 + Level 3.2 Axes
 * Level 2.4(2.3) Armour
 - Level 2.6 Dodging
 + Level 1.7 Stealth


You had 3 spell levels left.
You didn't know any spells.
Your spell library was empty.

Dungeon Overview and Level Annotations

Branches:
Dungeon (2/15)

Altars:
Uskayaw


Innate Abilities, Weirdness & Mutations

You have sharp fingernails.
You are partially covered in slimy green scales. (AC +2)
You are slightly more attuned to the shadows.


Message History

You finish taking off your +0 cloak.
You start putting on your armour.
You continue putting on your embroidered cloak. x2
You flicker for a moment.
You continue putting on your embroidered cloak. x3
You finish putting on your +2 cloak.
Drop what? 10/52 slots (_ for help) (? for menu, Esc to quit)
You drop a +0 cloak.
You flicker back into view.
You see here a mace.
You start resting.
Eating one of 3 chunks of flesh.
You eat one of the 3 chunks of flesh.
This raw flesh tastes terrible.
You are starting to lose your buoyancy.
You start resting.
You float gracefully downwards.
Sorry, you're not good enough to have a special ability.
Done exploring.
Done exploring.
Unknown command.
Are you sure you want to abandon this character and quit the game? (Confirm

###### ######.##.# ....##.##.#
....#.....# ##### ..........####
#.... .............# #####
♣♣##.... )..........>.# #@..#♣♣
♣♣....... ........#...##
#...'.♣♣♣♣........ .............#
#.[.#♣..♣..P...... ##.......#...#
#####♣♣♣.♣.P..##.# #####........#
♣♣♣♣♣####.. #........#...# #....
.........#...################....
............(...##..##........#..
.......#............^............


There were no monsters in sight!

Vanquished Creatures
  Crazy Yiuf (D:2)
  An adder (D:2)
  An ooze (D:1)
  A dart slug (D:1)
  A ball python (D:2)
  2 giant cockroaches (D:1)
  8 goblins
  5 hobgoblins
  5 jackals (D:1)
  4 kobolds (D:1)
  3 bats
  2 frilled lizards
  5 rats
39 creatures vanquished.

Notes
Turn   | Place    | Note
-------+----------+-------------------------------------------
     0 | D:1      | Gadfly the Demonspawn Monk began the quest for the Orb.
     0 | D:1      | Reached XP level 1. HP: 18/18 MP: 1/1
   100 | D:1      | Reached skill level 1 in Armour
   100 | D:1      | Gained mutation: You are partially covered in slimy green
                  | scales. (AC +2) [demonic ancestry]
   100 | D:1      | Reached XP level 2. HP: 18/24 MP: 2/2
   827 | D:1      | Gained mutation: You have sharp fingernails. [demonic
                  | ancestry]
   827 | D:1      | Reached XP level 3. HP: 24/29 MP: 3/3
  1052 | D:2      | Found a hide-covered altar of Uskayaw.
  1637 | D:2      | Found a runed door.
  1679 | D:2      | Noticed Crazy Yiuf
  1698 | D:2      | Killed Crazy Yiuf
  1698 | D:2      | Gained mutation: You are slightly more attuned to the
                  | shadows. [demonic ancestry]
  1698 | D:2      | Reached XP level 4. HP: 24/35 MP: 4/4
  1733 | D:2      | Quit the game

Skill      XL: |  1  2  3 |
---------------+----------+-----
Armour         | 1 2 |  2.4
Axes           | 3 |  3.2
Fighting       | |  3.5
Dodging        | |  2.6
Stealth        | |  1.7

Action                   |  1- 3 |  4- 6 || total
-------------------------+-------+-------++-------
Melee: Hand axe          |   106 |       ||   106
  Use: Potion            |     8 |       ||     8
       Scroll            |     4 |       ||     4
 Stab: Sleeping          |     4 |       ||     4
       Invisible         |     1 |       ||     1
  Eat: Chunk             |     2 |     1 ||     3
Armor: Robe              |    23 |       ||    23
Dodge: Dodged            |    95 |       ||    95
